 Seeded DCSS version 0.30.1 (webtiles) character file.

Game seed: 12966376324546093217 (custom seed)

60944 Sanktem7 the Severer (level 14, -12/141 HPs)
             Began as a Minotaur Fighter on July 13, 2023.
             Was the Champion of Okawaru.
             Killed by divine providence
             ... invoked by an orc priest
              (14 damage)
             ... on level 2 of the Orcish Mines.
             The game lasted 00:22:47 (14925 turns).

Sanktem7 the Severer (Minotaur Fighter)            Turns: 14925, Time: 00:22:48

Health: -12/141    AC: 41    Str: 27    XL:     14   Next: 58%
Magic:  17/17      EV:  6    Int:  2    God:    Okawaru [******]
Gold:   1212       SH: 16    Dex:  9    Spells: 13/13 levels left

rFire   + . .        D - +8 broad axe of Bytav {spect, rElec rCorr, axe}
rCold   . . .        T - +0 tower shield
rNeg    . . .        k - +15 Maxwell's patent armour {-Cast -Tele rElec Will+ rCorr}
rPois   +            X - +1 hat "Sokur" {Slay+2}
rElec   +            B - +1 cloak
rCorr   +            S - +2 pair of gloves
SInv    .            C - +2 pair of boots
Will    ++++.        W - necklace of Bloodlust {Fury *Rage Will++ Int-3 Slay+6} Stlth
                     K - ring of poison resistance
HPRegen 0.43/turn    I - ring of protection from fire
MPRegen 0.15/turn

%: no teleportation, no spellcasting, random rage (50%)
@: on berserk cooldown, slowed, very slow
A: horns 2, retaliatory headbutt, robust 1
a: Renounce Religion, Heroism, Finesse, Duel


You were on level 2 of the Orcish Mines.
You worshipped Okawaru.
Okawaru was exalted by your worship.
You visited 2 branches of the dungeon, and saw 17 of its levels.

You collected 1768 gold pieces.
You spent 556 gold pieces at shops.


Innate Abilities, Weirdness & Mutations

You have a pair of horns on your head.
You reflexively headbutt those who attack you in melee.
You are robust. (+10% HP)


   Skills:
 + Level 13.3 Fighting
 * Level 17.8 Axes
 + Level 9.1 Throwing
 + Level 13.2 Armour
 + Level 13.3 Shields
 + Level 5.9 Invocations


You had 13 spell levels left.
You didn't know any spells.
Your spell library contained the following spells:

 Spells                   Type           Power      Damage    Failure   Level
 Magic Dart               Conj           0%         1d3       100%        1
 Sandblast                Erth           0%         2d4       100%        1
 Sting                    Tmut/Pois      0%         1d3       100%        1
 Ensorcelled Hibernation  Hex/Ice        0%         N/A       100%        2
 Passwall                 Tmut/Erth      0%         N/A       100%        2
 Poisonous Vapours        Pois/Air       0%         N/A       100%        2
 Gell's Gravitas          Tloc           0%         N/A       100%        3
 Inner Flame              Hex/Fire       0%         N/A       100%        3
 Mephitic Cloud           Conj/Pois/Air  0%         N/A       100%        3
 Ozocubu's Armour         Ice            0%         N/A       100%        3
 Portal Projectile        Hex/Tloc       0%         N/A       100%        3
 Spider Form              Tmut/Pois      0%         N/A       100%        3
 Stone Arrow              Conj/Erth      0%         3d7       100%        3
 Teleport Other           Tloc           0%         N/A       100%        3
 Anguish                  Hex/Necr       0%         N/A       100%        4
 Leda's Liquefaction      Hex/Erth       0%         N/A       100%        4
 Olgreb's Toxic Radiance  Pois           0%         N/A       100%        4
 Passage of Golubria      Tloc           0%         N/A       100%        4
 Freezing Cloud           Conj/Ice/Air   0%         6-21      100%        5
 Silence                  Hex/Air        0%         N/A       100%        5
 Yara's Violent Unravell  Hex/Tmut       0%         3d3       100%        5
 Dispersal                Tloc           0%         N/A       100%        6
 Enfeeble                 Hex            0%         N/A       100%        7
 Ozocubu's Refrigeration  Ice            0%         4d7       100%        7
 Lehudib's Crystal Spear  Conj/Erth      0%         10d2      100%        8
 Call Imp                 Summ           Unusable   N/A       N/A         2
 Call Canine Familiar     Summ           Unusable   N/A       N/A         3
 Animate Dead             Necr           Unusable   N/A       N/A         4
 Haunt                    Necr/Summ      Unusable   N/A       N/A         7
 Infestation              Necr           Unusable   N/A       N/A         8

Inventory:

Hand Weapons
 a - a +6 broad axe of electrocution {axe}
   (You acquired it on level 9 of the Dungeon)
 s - a +1 whip of holy wrath {mace}
   (You found it on level 9 of the Dungeon)
 D - the +8 broad axe of Bytav (weapon) {spect, rElec rCorr, axe}
   (You bought it in a shop on level 11 of the Dungeon)

   rElec:     It insulates you from electricity.
   rCorr:     It protects you from acid and corrosion.
 G - a +6 executioner's axe of draining {axerare=g}
   (Okawaru gifted it to you on level 12 of the Dungeon)
Missiles
 i - 12 stones {throwing}
 H - 8 javelins (quivered) {throwing}
 N - 5 silver javelins {throwing}
 Q - 9 boomerangs {throwing}
Armour
 k - the +15 Maxwell's patent armour (worn) {-Cast -Tele rElec Will+ rCorr}
   (You found it on level 2 of the Dungeon)

   rElec:     It insulates you from electricity.
   -Cast:     It prevents spellcasting.
   -Tele:     It prevents most forms of teleportation.
   rCorr:     It protects you from acid and corrosion.
   Will:      It increases your willpower.
 B - a +1 cloak (worn)
   (You found it on level 6 of the Dungeon)
 C - a +2 pair of boots (worn)
   (You found it on level 6 of the Dungeon)
 S - a +2 pair of gloves (worn)
   (You found it on level 14 of the Dungeon)
 T - a +0 tower shield (worn)
   (You found it on level 8 of the Dungeon)
 X - the +1 hat "Sokur" (worn) {Slay+2}
   (Okawaru gifted it to you on level 10 of the Dungeon)

   Slay:      It affects your accuracy & damage with ranged weapons and melee
   (+2).
Jewellery
 I - a ring of protection from fire (right hand)
   (You found it on level 9 of the Dungeon)
 K - a ring of poison resistance (left hand)
   (You found it on level 6 of the Dungeon)
 W - the necklace of Bloodlust (around neck) {Fury *Rage Will++ Int-3 Slay+6}
   (You found it on level 10 of the Dungeon)

   [amulet of nothing]

   Fury:      It extends the wearer's berserk rage when killing foes.
   Int:       It affects your intelligence (-3).
   Slay:      It affects your accuracy & damage with ranged weapons and melee
   (+6).
   *Rage:     It berserks you when you make melee attacks (+50% chance).
   Will:      It greatly increases your willpower.
Wands
 b - a wand of mindburst (17)
   (You found it on level 3 of the Dungeon)
 w - a wand of paralysis (21)
   (You found it on level 9 of the Dungeon)
 z - a wand of quicksilver (9)
   (You found it on level 5 of the Dungeon)
 J - a wand of roots (4)
   (You found it on level 6 of the Dungeon)
 O - a wand of polymorph (8)
   (You found it on level 10 of the Dungeon)
Scrolls
 e - 3 scrolls of vulnerability {!r!r}
 h - a scroll of magic mapping {!r}
 j - 5 scrolls of teleportation {@r4}
 l - 3 scrolls of amnesia
 o - a scroll of poison
 r - 2 scrolls of blinking {!r}
 u - 3 scrolls of summoning
 v - 3 scrolls of noise {!r}
 x - 4 scrolls of fear
 y - 2 scrolls of silence {!r}
 L - 2 scrolls of torment {!r}
 M - 8 scrolls of identify {@r1}
 U - a scroll of enchant weapon
 V - 3 scrolls of immolation {!r!r}
Potions
 c - 2 potions of magic
 d - 6 potions of might
 f - 4 potions of ambrosia
 g - 8 potions of curing {@q1}
 m - 5 potions of flight
 p - a potion of haste {unknown}
 q - 4 potions of invisibility
 t - 4 potions of attraction {!q}
 A - 3 potions of berserk rage {!q}
 E - a potion of cancellation
 F - 4 potions of mutation {!q}
 R - 2 potions of lignification {!q}
 Y - 2 potions of degeneration {!q@e2}
 Z - a potion of brilliance {unknown}
Miscellaneous
 P - a condenser vane
   (You found it on level 9 of the Dungeon)

Dungeon Overview and Level Annotations

Branches:
Dungeon (15/15) Zot: 25612  Temple (0/1) D:7            Lair (0/5) D:10
    Orc (2/2) D:9 Zot: 11135     Elf (0/3) Orc:2        Vaults (0/5) D:14
 Depths (0/4) D:15

Altars:
Ashenzari
Cheibriados
Elyvilon
Gozag
Hepliaklqana
Kikubaaqudgha
Makhleb
Okawaru
Sif Muna
Uskayaw
Wu Jian
Xom
The Shining One

Shops:
D:3 *   D:8 * D:11

(! ###### ######
#.....### ###.....
.....o4)### ###.......
.....o.@.4## ##..o......
......oooo.###..........
.#o#.#o#.#o#§#.#.#.#.#.#
.o4..^§4o).)o..........
.........))#)#)..).....)
..§.......).............
.#.#.#.#.#.#.#.#.#.#.#.#
......§...###..........
.........## ##.........


You could see 2 orc knights, 2 orc high priests, an orange demon (summoned), a
hellwing (summoned), a chaos spawn (summoned), a red devil (summoned), 5 orc
warriors, an orc priest (strong) and an orc.


Message History

MASSIVE DAMAGE!! (PAUSE)
You hit the orc high priest. You slash the orc high priest!
You hit the orc knight. x2
Your +8 broad axe of Bytav {spect, rElec rCorr, axe} hits the orc high priest.
Your +8 broad axe of Bytav {spect, rElec rCorr, axe} hits the orc warrior!
Your +8 broad axe of Bytav {spect, rElec rCorr, axe} hits the orc knight!!
Your +8 broad axe of Bytav {spect, rElec rCorr, axe} hits the orc warrior!!
You kill the orc warrior!
Okawaru accepts your kill.
The orc knight closely misses your +8 broad axe of Bytav {spect, rElec rCorr, axe}.
The orc high priest mumbles some strange prayers to Beogh.
The orc warrior enters a dispersal trap!
The orc high priest blinks!
The orc knight blinks!
The ice devil blinks!
The orc high priest blinks! x2; The orc knight blinks!
Your +8 broad axe of Bytav {spect, rElec rCorr, axe} blinks!
The orc high priest blinks!
The orc warrior blinks!
The orc priest blinks!
The orc knight blinks!
The orc warrior blinks!
The orc priest blinks!
You feel a strange sense of stasis.
The orc warrior blinks!
The orc warrior barely misses your +8 broad axe of Bytav {spect, rElec rCorr, axe}.
The orc priest begins to cast a cantrip, but forgets the words! 😱 HP[+1]
Your +8 broad axe of Bytav {spect, rElec rCorr, axe} disappears.
The orc priest no longer looks unusually strong.
You block the orc knight's attack.
The orc high priest intones a terrible prayer.
The orc high priest barely misses you.
The orc high priest prays to Beogh.
The orange demon stings you but does no damage.
The orange demon hits you but does no damage.
You block the orc knight's attack. You block the orc priest's attack.
The orc knight roars a battlecry!
The orc priest goes into a battle-frenzy!
The orc high priest mumbles some strange prayers to Beogh.
The orc warrior hits you but does no damage.
The orc high priest calls upon Beogh to heal something.
Items here: )))) [[ ††.
The ice devil disappears in a puff of smoke!
The orc knight no longer looks unusually strong.
The orc priest no longer looks unusually strong.
You block the orange demon's attack. x2
The orc knight roars a battlecry!
The orc priest goes into a battle-frenzy!
The orc warrior hits you but does no damage.
The orange demon barely misses you.
The orange demon hits you but does no damage. 😱 HP[+1]
The orc priest attacks as you move away!
You block the orc priest's attack.
The orc warrior hits you with a +0 halberd!
* * * LOW HITPOINT WARNING * * *
The orc high priest prays to Beogh.
The orc warrior enters a dispersal trap!
The orc priest blinks!
The orc warrior blinks!
The orc blinks!
The orc warrior blinks! x3; The hellwing blinks!
The orc warrior blinks!
The hellwing blinks!
The orc warrior blinks!
You block the orange demon's attack. You block the orc warrior's attack.
The orc priest barely misses you. You furiously retaliate!
You headbutt the orc priest! 😱 HP[-14]
You take 14 damage, and now have 13/141 hp.
The orc priest attacks as you move away!
You block the orc priest's attack.
The orc warrior no longer looks unusually strong. x2
The chaos spawn briefly grows a face disturbingly similar to your own.
The orc warrior barely misses you.
The hellwing swoops through the air toward you!
You block the hellwing's attack.
The hellwing hits you but does no damage.
The orc warrior hits you but does no damage.
You block the orange demon's attack. 😱 HP[+1]
You slash the orc warrior!
You headbutt the orc warrior, but do no damage.
You hit the hellwing but do no damage. You slash the orc knight!
Your +8 broad axe of Bytav {spect, rElec rCorr, axe} barely misses the orc warrior.
Your +8 broad axe of Bytav {spect, rElec rCorr, axe} hits the orange demon!
Your +8 broad axe of Bytav {spect, rElec rCorr, axe} hits the orc knight but does no damage.
Your +8 broad axe of Bytav {spect, rElec rCorr, axe} hits the orc knight!!
Your +8 broad axe of Bytav {spect, rElec rCorr, axe} hits the orc knight!
Your +8 broad axe of Bytav {spect, rElec rCorr, axe} hits the orc warrior!
Your +8 broad axe of Bytav {spect, rElec rCorr, axe} hits the orange demon!
Your +8 broad axe of Bytav {spect, rElec rCorr, axe} hits the orc knight!
Your +8 broad axe of Bytav {spect, rElec rCorr, axe} hits the hellwing!
Your +8 broad axe of Bytav {spect, rElec rCorr, axe} hits the orc warrior!
You kill the orc warrior!
Okawaru accepts your kill.
Your +8 broad axe of Bytav {spect, rElec rCorr, axe} hits the orc knight!
Your +8 broad axe of Bytav {spect, rElec rCorr, axe} hits the orc warrior.
The orc no longer looks unusually strong.
The orc warrior no longer looks unusually strong.
The orc knight no longer looks unusually strong.
The orc knight hits your +8 broad axe of Bytav {spect, rElec rCorr, axe} with a +3 great sword!!!
Your spectral weapon shares its damage with you!
Your +8 broad axe of Bytav {spect, rElec rCorr, axe} disappears.
* * * LOW HITPOINT WARNING * * *
The orc high priest mumbles some strange prayers.
The orc priest calls down the wrath of Beogh upon you.
Beogh smites you!
You die...

Skill      XL: |  1  2  3  4  5  6  7  8  9 10 11 12 13 14 |
---------------+-------------------------------------------+-----
Axes           | 3 4 5 6 7 9 10 12 13 15 17 | 17.8
Fighting       | 4 5 6 7 8 9 10 11 12 13 | 13.3
Armour         | 4 5 6 7 8 9 10 11 12 13 | 13.2
Shields        | 4 5 6 7 8 9 10 11 12 13 | 13.3
Invocations    | 1 3 5 |  5.9
Throwing       | 1 3 5 7 8 9 |  9.1

Action                     |  1- 3 |  4- 6 |  7- 9 | 10-12 | 13-15 || total
---------------------------+-------+-------+-------+-------+-------++-------
  Melee: War axe           |    81 |   116 |   206 |   179 |       ||   582
         Headbutt          |     6 |    15 |    48 |    73 |    46 ||   188
         Broad axe         |       |       |       |   196 |   207 ||   403
    Use: Scroll            |       |       |       |    34 |       ||    34
         Potion            |       |       |       |     1 |     8 ||     9
   Stab: Distracted        |       |       |       |       |     3 ||     3
 Armour: Scale mail        |    26 |       |       |       |       ||    26
         Plate armour      |    11 |   109 |   192 |   318 |   114 ||   744
  Dodge: Dodged            |    30 |    39 |    64 |    83 |    33 ||   249
  Block: Buckler           |    19 |    33 |    48 |    18 |       ||   118
         Tower shield      |       |       |       |   282 |   139 ||   421

Levels and vault maps discovered:
D:1:      tarquinn_simple_flora_water_f, layout_loops_corners
D:2:      layout_basic, ebering_ecumenical_altar_sacrificial,
          hangedman_decor_growths, kennysheep_crisscross
D:3:      layout_loops_ring, amcnicky_altar_gilded, doesnt_xom_only_xom,
          serial_shops, nicolae_square_shop, serial_bayou_ford_a,
          kennysheep_generic_room_13, uniq_natasha, uniq_jessica
D:4:      cheibrodos_fertilizer, layout_basic,
          mainiacjoe_overflow_concentric_impassable
D:5:      layout_loops_ring, nicolae_uskayaw_suspiria, uniq_menkaure, uniq_pikel
D:6:      layout_rooms, columned_hall_lemuel, minmay_misc_feat_square
D:7:      layout_layer_cave, mainiacjoe_overflow_24_doors,
          mainiacjoe_overflow_alcove_2, lemuel_crystal_altar,
          minmay_temple_entry_water_ring
D:8:      layout_loops_ring, serial_shops, shop, minmay_joined_circles
D:9:      minmay_the_grid_octo_triangle [minmay_the_grid_octo_tetromino_candy,
          minmay_the_grid_octo_prize_single_spiral,
          minmay_the_grid_octo_vomiting_pacman], layout_irregular_city,
          mainiacjoe_overflow_boulevard, orc_0_dummy
D:10:     layout_big_octagon, general_overflow_altar, mainiacjoe_overflow_swirl,
          nzn_wu_jian_council_hall, dpeg_lair_monsters, minivault_25_ag,
          grunt_ministairs_10, hellmonk_guarded_unrand_vitality_bloodlust
D:11:     layout_irregular_city, serial_shops, shop, shop
D:12:     layout_basic, uniq_kirke
D:13:     layout_grid_maze, okawaru_metal_pillars_1_2
D:14:     layout_loops_ring, erik_vaults_2
D:15:     gammafunk_enter_depths_forms, layout_basic, minmay_misc_feat_tiny,
          kennysheep_vampire_church
Orc:1:    layout_caves
Orc:2:    st_orc_pillars, layout_diamond_mine, uniq_jorgrun, uniq_saint_roka,
          uniq_snorg

Notes
Turn   | Place    | Note
-------+----------+-------------------------------------------
     0 | D:1      | Sanktem7 the Minotaur Fighter began the quest for the Orb.
     0 | D:1      | Reached XP level 1. HP: 19/19 MP: 0/0
     0 | D:1      | magus.rc [v1.9.6]
   285 | D:1      | Reached XP level 2. HP: 25/27 MP: 1/1
   379 | D:1      | Reached skill level 3 in Axes
   884 | D:2      | Found a faded altar of an unknown god.
   913 | D:2      | Reached skill level 4 in Fighting
   913 | D:2      | Reached skill level 4 in Armour
   913 | D:2      | Reached skill level 4 in Shields
   913 | D:2      | Reached XP level 3. HP: 14/33 MP: 2/2
  1112 | D:2      | Found the +15 Maxwell's patent armour {-Cast -Tele rElec
                  | Will+ rCorr}
  1428 | D:3      | Reached XP level 4. HP: 40/40 MP: 3/3
  1431 | D:3      | Noticed Natasha
  1436 | D:3      | Killed Natasha
  1437 | D:3      | Reached skill level 4 in Axes
  1540 | D:3      | Found Eredel's General Store.
  1546 | D:3      | Bought a scroll of enchant weapon for 90 gold pieces
  1810 | D:3      | Reached XP level 5. HP: 38/47 MP: 4/4
  1973 | D:3      | Found a white marble altar of Elyvilon.
  1974 | D:3      | Noticed Natasha
  1984 | D:3      | Killed Natasha
  2099 | D:3      | Found a bloodstained altar of Trog.
  2101 | D:3      | Found a shimmering altar of Xom.
  2101 | D:3      | Found a sparkling altar of Nemelex Xobeh.
  2103 | D:3      | Found a shimmering blue altar of Sif Muna.
  2103 | D:3      | Found a burning altar of Makhleb.
  2103 | D:3      | Found a shimmering altar of Xom.
  2231 | D:3      | Noticed Jessica
  2235 | D:3      | Killed Jessica
  2290 | D:3      | Noticed Natasha
  2298 | D:3      | Killed Natasha
  2299 | D:3      | Reached skill level 5 in Axes
  2418 | D:4      | Reached XP level 6. HP: 49/55 MP: 5/5
  2420 | D:4      | Reached skill level 5 in Fighting
  2420 | D:4      | Reached skill level 5 in Armour
  2566 | D:4      | Reached skill level 5 in Shields
  2610 | D:4      | Found a hazy altar of Hepliaklqana.
  3067 | D:4      | You pick up a book of Geomancy and begin reading...
  3067 | D:4      | You add the spells Sandblast, Passwall and Stone Arrow to
                  | your library.
  3122 | D:5      | Entered Level 5 of the Dungeon
  3158 | D:5      | Noticed Menkaure
  3165 | D:5      | HP: 10/56 [Menkaure (11)]
  3167 | D:5      | Killed Menkaure
  3168 | D:5      | Reached skill level 6 in Axes
  3168 | D:5      | Reached XP level 7. HP: 11/61 MP: 6/6
  3473 | D:5      | You fall into a shaft and drop 2 floors!
  3510 | D:7      | Reached skill level 7 in Axes
  3514 | D:7      | Reached skill level 6 in Fighting
  3514 | D:7      | Reached skill level 6 in Armour
  3514 | D:7      | Reached skill level 6 in Shields
  3525 | D:7      | You pick up a book of Minor Magic and begin reading...
  3525 | D:7      | You add the spells Magic Dart, Call Imp and Mephitic Cloud
                  | to your library.
  3542 | D:7      | Found an iron altar of Okawaru.
  3598 | D:7      | Reached XP level 8. HP: 70/70 MP: 7/7
  3625 | D:7      | Became a worshipper of Warmaster Okawaru
  3692 | D:7      | Found a broken altar of Ashenzari.
  4072 | D:7      | You add the spells Ozocubu's Armour and Ozocubu's
                  | Refrigeration to your library.
  4163 | D:7      | Reached skill level 8 in Axes
  4281 | D:7      | Found a shimmering blue altar of Sif Muna.
  4366 | D:7      | Found a staircase to the Ecumenical Temple.
  4584 | D:7      | Reached * piety under Okawaru
  5043 | D:6      | Reached skill level 7 in Fighting
  5071 | D:6      | Reached skill level 7 in Armour
  5071 | D:6      | Reached skill level 7 in Shields
  5284 | D:6      | Reached skill level 9 in Axes
  5317 | D:6      | Reached XP level 9. HP: 79/79 MP: 8/8
  5883 | D:5      | Found a hide-covered altar of Uskayaw.
  5959 | D:5      | Noticed Pikel
  5962 | D:5      | Killed Pikel
  5962 | D:5      | Reached ** piety under Okawaru
  5963 | D:5      | Reached skill level 10 in Axes
  5986 | D:5      | You pick up a book of Vapours and begin reading...
  5986 | D:5      | You add the spells Poisonous Vapours and Freezing Cloud to
                  | your library.
  6003 | D:5      | You pick up a book of Minor Magic and begin reading...
  6254 | D:8      | Reached skill level 8 in Fighting
  6254 | D:8      | Reached skill level 8 in Shields
  6275 | D:8      | Reached skill level 8 in Armour
  6281 | D:8      | Reached skill level 1 in Invocations
  6283 | D:8      | Reached skill level 1 in Throwing
  6389 | D:8      | Noticed a manticore
  6397 | D:8      | Killed a manticore
  6423 | D:8      | You pick up a book of the Hunter and begin reading...
  6423 | D:8      | You add the spells Portal Projectile and Leda's
                  | Liquefaction to your library.
  6516 | D:8      | Reached XP level 10. HP: 90/90 MP: 10/10
  6553 | D:8      | Reached *** piety under Okawaru
  6559 | D:8      | Reached skill level 2 in Invocations
  6577 | D:8      | You add the spells Sting and Olgreb's Toxic Radiance to
                  | your library.
  6628 | D:8      | Reached skill level 11 in Axes
  6628 | D:8      | Reached skill level 2 in Throwing
  6633 | D:8      | Noticed a two-headed ogre
  6648 | D:8      | Killed a two-headed ogre
  6676 | D:8      | Reached **** piety under Okawaru
  6832 | D:8      | Found Plog's Assorted Antiques.
  6854 | D:8      | Reached skill level 3 in Invocations
  7076 | D:8      | You cannot blink because you are wearing the +15 Maxwell's
                  | patent armour {-Cast -Tele rElec Will+ rCorr}.
  7125 | D:8      | Gained mutation: You are robust. (+10% HP) [potion of
                  | mutation]
  7275 | D:9      | Found a glowing golden altar of the Shining One.
  7324 | D:9      | Reached skill level 9 in Fighting
  7328 | D:9      | Reached skill level 3 in Throwing
  7328 | D:9      | Reached skill level 9 in Shields
  7333 | D:9      | Reached skill level 9 in Armour
  7373 | D:9      | Noticed a manticore
  7391 | D:9      | Killed a manticore
  7392 | D:9      | Reached skill level 12 in Axes
  7421 | D:9      | Identified the +2 robe of Dibuin Kurphy {rPois Dex-5 Stlth+
                  | Archmagi}
  7421 | D:9      | Noticed a tengu warrior
  7437 | D:9      | Noticed a boulder beetle
  7454 | D:9      | Killed a tengu warrior
  7469 | D:9      | Killed a boulder beetle
  7469 | D:9      | Reached ***** piety under Okawaru
  7470 | D:9      | Reached XP level 11. HP: 106/106 MP: 12/12
  7481 | D:9      | Noticed a cyan ugly thing
  7481 | D:9      | Noticed a deep elf pyromancer
  7494 | D:9      | Killed a cyan ugly thing
  7495 | D:9      | Killed a deep elf pyromancer
  7496 | D:9      | Reached skill level 4 in Throwing
  7499 | D:9      | You pick up a book of the Moon and begin reading...
  7499 | D:9      | You add the spells Passage of Golubria, Silence and
                  | Lehudib's Crystal Spear to your library.
  7511 | D:9      | Identified the staff of poison "Mel Dock" {Fly rPois rF-
                  | rN++ Int+3}
  7613 | D:9      | Reached skill level 4 in Invocations
  7618 | D:9      | Identified a scroll of acquirement
  7618 | D:9      | Acquired a +4 broad axe of electrocution
  7748 | D:9      | Found a staircase to the Orcish Mines.
  8187 | D:10     | Entered Level 10 of the Dungeon
  8197 | D:10     | Received a gift from Okawaru
  8328 | D:10     | Noticed a two-headed ogre
  8339 | D:10     | Killed a two-headed ogre
  8339 | D:10     | Received a gift from Okawaru
  8340 | D:10     | Reached skill level 13 in Axes
  8448 | D:10     | Found a snail-covered altar of Cheibriados.
  8476 | D:10     | Reached skill level 10 in Fighting
  8493 | D:10     | Noticed a death yak
  8493 | D:10     | Noticed a death yak
  8493 | D:10     | Noticed a death yak
  8494 | D:10     | Noticed a death yak
  8495 | D:10     | Noticed a death yak
  8496 | D:10     | Found a staircase to the Lair.
  8498 | D:10     | Noticed a death yak
  8511 | D:9      | Killed a death yak
  8512 | D:9      | Reached skill level 10 in Armour
  8512 | D:9      | Reached skill level 10 in Shields
  8518 | D:9      | Killed a death yak
  8520 | D:9      | Killed a death yak
  8521 | D:9      | Reached skill level 5 in Throwing
  8521 | D:9      | Reached skill level 5 in Invocations
  8521 | D:9      | Killed a death yak
  8521 | D:9      | Reached ****** piety under Okawaru
  8593 | D:10     | Killed a death yak
  8593 | D:10     | Received a gift from Okawaru
  8599 | D:10     | Killed a death yak
  8667 | D:10     | Found an ornate altar of the Wu Jian Council.
  8714 | D:10     | Received a gift from Okawaru
  8716 | D:10     | Reached XP level 12. HP: 107/117 MP: 14/14
  8758 | D:10     | Found the necklace of Bloodlust {Fury *Rage Will++ Int-3
                  | Slay+6}
  8769 | D:10     | HP: 29/117 [deep troll (16)]
  8909 | D:10     | Reached skill level 14 in Axes
  8911 | D:10     | Identified the +1 hat "Sokur" {Slay+2} (Okawaru gifted it
                  | to you on level 10 of the Dungeon)
  8911 | D:10     | Received a gift from Okawaru
  9042 | D:10     | Found a burning altar of Makhleb.
  9081 | D:10     | Found an opulent altar of Gozag.
  9164 | D:11     | Noticed a boulder beetle
  9167 | D:11     | Killed a boulder beetle
  9186 | D:11     | Found Kuem's Distillery.
  9194 | D:11     | Bought a potion of heal wounds for 80 gold pieces
  9194 | D:11     | Bought a potion of heal wounds for 80 gold pieces
  9266 | D:11     | Found Suogur's Antique Weapon Emporium.
  9286 | D:11     | Bought an ancient broad axe for 306 gold pieces
  9286 | D:11     | Identified the +8 broad axe of Bytav {spect, rElec rCorr}
                  | (You bought it in a shop on level 11 of the Dungeon)
  9380 | D:11     | Reached skill level 6 in Throwing
  9574 | D:11     | You add the spells Gell's Gravitas, Teleport Other and
                  | Dispersal to your library.
  9600 | D:11     | Noticed a boulder beetle
  9616 | D:11     | Killed a boulder beetle
  9617 | D:11     | Reached skill level 11 in Fighting
  9617 | D:11     | Reached skill level 11 in Shields
  9925 | D:12     | You pick up a book of Death and begin reading...
  9973 | D:12     | Reached skill level 11 in Armour
 10025 | D:12     | Noticed a boulder beetle
 10045 | D:12     | Killed a boulder beetle
 10157 | D:12     | Noticed Kirke
 10165 | D:12     | Killed Kirke
 10166 | D:12     | Reached skill level 15 in Axes
 10408 | D:12     | Noticed a two-headed ogre
 10413 | D:12     | Killed a two-headed ogre
 10421 | D:12     | Received a gift from Okawaru
 10464 | D:12     | G - a +6 executioner's axe of draining {axerare=g}
 10475 | D:12     | You drop a +6 executioner's axe of draining {axerare=g}.
 10476 | D:12     | G - a +6 executioner's axe of draining {axerare=g}
 10562 | D:13     | Noticed a centaur warrior
 10568 | D:13     | Killed a centaur warrior
 10780 | D:13     | Identified the +1 robe of Okawaru's Approval {Int+4}
 11152 | D:13     | Found an iron altar of Okawaru.
 11633 | D:13     | Reached skill level 7 in Throwing
 11633 | D:13     | Reached XP level 13. HP: 128/128 MP: 15/15
 12244 | D:14     | Found a gate to the Vaults.
 12250 | D:14     | Received a gift from Okawaru
 12255 | D:14     | Reached skill level 12 in Fighting
 12255 | D:14     | Reached skill level 12 in Shields
 12264 | D:14     | Reached skill level 16 in Axes
 12271 | D:14     | Reached skill level 12 in Armour
 12363 | D:14     | You drop a +6 executioner's axe of draining {axerare=g}.
 12364 | D:14     | G - a +6 executioner's axe of draining {axerare=g}
 12629 | D:14     | You pick up a book of Dreams and begin reading...
 12629 | D:14     | You add the spells Ensorcelled Hibernation, Spider Form and
                  | Anguish to your library.
 12756 | D:15     | Entered Level 15 of the Dungeon
 12853 | D:15     | Identified a +2 robe of the Archmagi
 12859 | D:15     | Identified the +0 ring mail of Dogma {Int+4 Dex-3} (Okawaru
                  | gifted it to you on level 15 of the Dungeon)
 12859 | D:15     | Received a gift from Okawaru
 12875 | D:15     | Reached skill level 8 in Throwing
 13100 | D:15     | You pick up a book of Misfortune and begin reading...
 13100 | D:15     | You add the spells Inner Flame, Yara's Violent Unravelling
                  | and Enfeeble to your library.
 13407 | D:15     | Found a staircase to the Depths.
 13448 | D:15     | Reached skill level 17 in Axes
 13451 | D:15     | Reached XP level 14. HP: 139/139 MP: 16/16
 13559 | D:15     | You pick up a book of Minor Magic and begin reading...
 13651 | D:15     | Found an ancient bone altar of Kikubaaqudgha.
 14073 | Orc:1    | Entered Level 1 of the Orcish Mines
 14389 | Orc:2    | Entered Level 2 of the Orcish Mines
 14392 | Orc:2    | Found a staircase to the Elven Halls.
 14400 | Orc:2    | Identified the +0 buckler of the Armadillo {Will+ Str+3}
                  | (Okawaru gifted it to you on level 2 of the Orcish Mines)
 14400 | Orc:2    | Received a gift from Okawaru
 14478 | Orc:2    | Noticed Saint Roka
 14478 | Orc:2    | Noticed Snorg
 14487 | Orc:2    | Killed Snorg
 14488 | Orc:2    | Reached skill level 13 in Shields
 14498 | Orc:2    | Killed Saint Roka
 14499 | Orc:2    | Reached skill level 13 in Fighting
 14504 | Orc:2    | Reached skill level 13 in Armour
 14608 | Orc:2    | Noticed Jorgrun
 14615 | Orc:2    | Killed Jorgrun
 14896 | Orc:2    | Reached skill level 9 in Throwing
 14911 | Orc:2    | HP: 32/141 [orc knight/+2 war axe (21)]
 14911 | Orc:2    | HP: 6/141 [orc warrior/+0 halberd (15)]
 14917 | Orc:2    | HP: 24/141 [orc knight/+2 war axe (19)]
 14923 | Orc:2    | HP: 13/141 [orc warrior/+0 halberd (14)]
 14925 | Orc:2    | HP: 2/141 [orc knight/+3 great sword (13)]
 14925 | Orc:2    | Killed from afar by an orc priest

Vanquished Creatures
  Saint Roka (Orc:2)
  Jorgrun (Orc:2)
  Kirke (D:12)
  Snorg (Orc:2)
  8 vault guards (D:14)
  5 boulder beetles
  3 centaur warriors
  4 two-headed ogres
  3 tengu warriors
  A death knight (D:15)
  6 death yaks
  3 orc high priests (Orc:2)
  2 deep trolls (D:10)
  A glowing orange brain (D:15)
  A wizard (D:15)
  Pikel (D:5)
  5 orc knights (Orc:2)
  A mana viper (shapeshifter) (D:15)
  2 deep elf pyromancers
  2 manticores
  6 cyclopes
  18 ugly things
  A salamander (shapeshifter) (D:14)
  A black mamba (shapeshifter) (D:14)
  3 gargoyles
  An efreet (D:13)
  6 kobold demonologists
  2 unseen horrors
  A tengu conjurer (D:15)
  A komodo dragon (D:10)
  A freezing wraith (D:15)
  3 trolls
  A hornet (D:8)
  8 slime creatures (D:15)
  A shadow (D:11)
  A vampire (D:11)
  A centaur simulacrum (D:15)
  4 wraiths
  5 humans (D:12)
  2 hogs (D:12)
  4 wyverns
  14 yaks
  A steam dragon (D:8)
  5 vampire mosquitoes
  Menkaure (D:5)
  3 wargs (Orc:2)
  An acid dragon (D:10)
  2 water moccasins
  33 orc warriors
  2 black bears
  A sky beast (D:8)
  8 centaurs
  4 ogres
  5 kobold brigands
  2 phantoms
  A lemure (D:5)
  4 bullfrogs
  2 scorpions (D:6)
  5 wights
  13 killer bees
  An electric eel (D:10)
  A vampire bat (D:15)
  5 howler monkeys
  35 orc priests
  4 jellies
  A gnoll bouda (D:6)
  6 hounds
  7 iguanas
  Jessica (D:3)
  22 orc wizards
  Natasha (thrice) (D:3)
  9 gnolls
  8 adders
  2 shadow imps (D:7)
  A white imp (D:7)
  3 worms
  A dart slug (D:5)
  68 orcs
  6 bat skeletons (D:15)
  9 endoplasms
  2 giant cockroaches
  5 goblins
  3 hobgoblins (D:1)
  3 jackals (D:3)
  6 quokkas
  2 ball pythons (D:1)
  3 bats
  5 frilled lizards
  22 kobolds
  3 rats
477 creatures vanquished.

Vanquished Creatures (others)
  3 spectral weapons
3 creatures vanquished.

Grand Total: 480 creatures vanquished

Table legend:
 A = Non-vault XP
 B = Vault XP
 C = Vault XP percentage of total XP
 D = Non-vault monster count
 E = Vault monster count
 F = Vault count percentage of total count
                 A         B        C        D         E       F
            +---------+---------+-------+---------+---------+-------
      Total |   44469 |   42737 |  49.0 |     319 |     152 |  32.3
            +---------+---------+-------+---------+---------+-------
        D:1 |      30 |       0 |   0.0 |      20 |       0 |   0.0
        D:2 |      63 |       0 |   0.0 |      13 |       0 |   0.0
        D:3 |     200 |      72 |  26.5 |      15 |       3 |  16.7
        D:4 |     128 |     108 |  45.8 |       7 |      15 |  68.2
        D:5 |     706 |     832 |  54.1 |      19 |       2 |   9.5
        D:6 |     827 |       0 |   0.0 |      18 |       0 |   0.0
        D:7 |    1122 |       0 |   0.0 |      18 |       0 |   0.0
        D:8 |    1797 |    2225 |  55.3 |      25 |      13 |  34.2
        D:9 |    2351 |    6688 |  74.0 |      22 |      15 |  40.5
       D:10 |    2283 |    4753 |  67.6 |      17 |      14 |  45.2
       D:11 |    4113 |       0 |   0.0 |      17 |       0 |   0.0
       D:12 |    5041 |    1765 |  25.9 |      15 |       3 |  16.7
       D:13 |    4305 |       0 |   0.0 |      11 |       0 |   0.0
       D:14 |    3794 |    6969 |  64.7 |       7 |       8 |  53.3
       D:15 |   13466 |    4661 |  25.7 |      31 |      15 |  32.6
      Orc:1 |     748 |       0 |   0.0 |      14 |       0 |   0.0
      Orc:2 |    3495 |   14664 |  80.8 |      50 |      64 |  56.1
            +---------+---------+-------+---------+---------+-------

Skill      XL: |  1  2  3  4  5  6  7  8  9 10 11 12 13 14 |
---------------+-------------------------------------------+-----
Axes           | 3 4 5 6 7 9 10 12 13 15 17 | 17.8
Fighting       | 4 5 6 7 8 9 10 11 12 13 | 13.3
Armour         | 4 5 6 7 8 9 10 11 12 13 | 13.2
Shields        | 4 5 6 7 8 9 10 11 12 13 | 13.3
Invocations    | 1 3 5 |  5.9
Throwing       | 1 3 5 7 8 9 |  9.1

Action                     |  1- 3 |  4- 6 |  7- 9 | 10-12 | 13-15 || total
---------------------------+-------+-------+-------+-------+-------++-------
  Melee: War axe           |    81 |   116 |   206 |   179 |       ||   582
         Headbutt          |     6 |    15 |    48 |    73 |    46 ||   188
         Broad axe         |       |       |       |   196 |   207 ||   403
    Use: Scroll            |       |       |       |    34 |       ||    34
         Potion            |       |       |       |     1 |     8 ||     9
   Stab: Distracted        |       |       |       |       |     3 ||     3
 Armour: Scale mail        |    26 |       |       |       |       ||    26
         Plate armour      |    11 |   109 |   192 |   318 |   114 ||   744
  Dodge: Dodged            |    30 |    39 |    64 |    83 |    33 ||   249
  Block: Buckler           |    19 |    33 |    48 |    18 |       ||   118
         Tower shield      |       |       |       |   282 |   139 ||   421

Illustrated notes

Table legend:
 A = Kills in this place as a percentage of kills in the entire game.
 B = Kills by you in this place as a percentage of kills by you in the entire game.
 C = Kills by friends in this place as a percentage of kills by friends in the entire game.
 D = Other kills in this place as a percentage of other kills in the entire game.
 E = Experience gained in this place as a percentage of experience gained in the entire game.
 F = Experience gained in this place divided by the number of levels of this place that you have seen.
                   A       B       C       D       E      F
               +-------+-------+-------+-------+-------+----------------------
         Total | 100.0 | 100.0 |   N/A |   N/A | 100.0 | 5129.8
       Dungeon |  72.8 |  72.8 |   N/A |   N/A |  78.3 | 4553.3
  Orcish Mines |  27.2 |  27.2 |   N/A |   N/A |  21.7 | 9453.5
               +-------+-------+-------+-------+-------+----------------------

Table legend: (Time is in decaauts)
 A = Elapsed time spent in this place.
 B = Non-inter-level travel time spent in this place.
 C = Inter-level travel time spent in this place.
 D = Time resting spent in this place.
 E = Time spent auto-exploring this place.
 F = Levels seen in this place.
 G = Mean time per level.
                   A        B        C        D        E       F      G
               +--------+--------+--------+--------+--------+-----+--------+
         Total |  15299 |  14583 |    716 |    195 |  12042 |  17 |  899.9 |
       Dungeon |  14435 |  13734 |    701 |    195 |  11375 |  15 |  962.3 |
  Orcish Mines |    863 |    848 |     15 |      0 |    667 |   2 |  431.5 |
               +--------+--------+--------+--------+--------+-----+--------+

Top non-repeatable levels by time:
     D:7: 1584 daAuts
    D:13: 1494 daAuts
    D:15: 1272 daAuts
     D:9: 1027 daAuts
     D:8: 1022 daAuts
     D:3: 961 daAuts
    D:10: 926 daAuts
     D:1: 900 daAuts
    D:14: 863 daAuts
    D:11: 805 daAuts
     D:6: 796 daAuts
     D:4: 779 daAuts
     D:5: 766 daAuts
    D:12: 684 daAuts
     D:2: 550 daAuts
